 Dungeon Crawl Stone Soup version 0.30-b1-2-g02819fbbbe (webtiles) character file.

Game seed: 10299543405657297324

370208 Flugkiller the Eclecticist (level 21, -4/182 (184) HPs)
             Began as a Vampire Warper on May 16, 2023.
             Was a High Priest of Ashenzari.
             Killed from afar by an ancient champion (31 damage)
             ... with an iron shot
             ... on level 2 of the Crypt on May 17, 2023.
             The game lasted 02:48:51 (32225 turns).

Flugkiller the Eclecticist (Vampire Warper)        Turns: 32225, Time: 02:48:52

HP:   -4/182 (184)  AC: 36    Str:  6    XL:     21   Next: 68%
MP:   27/54         EV: 17    Int: 45    God:    Ashenzari [*****.]
Gold: 2690          SH:  6    Dex: 17    Spells: 12/60 levels left

rFire   + + .        o - staff of fire "Tethered Adversity" (curse) {rPois rF+ Int+3 Dex+2, Bglg, Elem, !a} (curse)
rCold   . . .        L - +2 buckler of Supernal Understanding {Elem, Bglg} (curse)
rNeg    + + .        D - melded +4 troll leather armour of the Eternal Ether {Regen+, Elem, Self} (curse)
rPois   ∞            X - +2 helmet {Int+3}
rElec   +            V - +0 cloak of Supernal Understanding {MP+9 Str-4 Int+2 Slay+2, Evo, Elem} (curse)
rCorr   .            B - melded +2 pair of gloves "Ensconced Sybil" {Elem, Bglg} (curse)
SInv    +            y - melded +2 pair of boots "Rifequ" {rF+ Stlth+}
Will    ++...        E - amulet "Sorrow of Ashenzari" {RegenMP, Bglg, Elem} (curse)
Stlth   +++          r - ring of Supernal Knowledge {Int+6, Bglg, Elem} (curse)
HPRegen 0.70/turn    W - ring of Ashenzari's Vexation {rPois rF+ rN+ Int+6 Slay-5, Cun, Comp} (curse)
MPRegen 0.74/turn

%: clarity
@: about to teleport, statue-form, contaminated, healing quickly, glowing,
studying Ranged Weapons, lightly drained, very slow
A: slow and powerful, torment resistance 1, boosted hp, alive, fangs 3, see
invisible, vampiric 2, berserk 1, sense surroundings 1
}: 2/15 runes: decaying, serpentine
a: Exsanguinate, End Transformation, Renounce Religion, Curse Item, Shatter the
Chains


You were on level 2 of the Crypt.
You worshipped Ashenzari.
Ashenzari was extremely pleased with you.
You were a living statue of rough stone.
You visited 8 branches of the dungeon, and saw 39 of its levels.
You also visited: Bailey and Gauntlet.

You collected 5687 gold pieces.
You spent 2997 gold pieces at shops.

Inventory:

Missiles
 g - 10 boomerangs of dispersal (quivered)
 H - 6 throwing nets
 Q - 18 curare-tipped darts
Armour
 y - the +2 pair of boots "Rifequ" (melded) {rF+ Stlth+}
   (You acquired it on level 4 of the Lair of Beasts)

   rF:        It protects you from fire.
   Stlth:     It makes you more stealthy.
 B - the cursed +2 pair of gloves "Ensconced Sybil" (melded) {Elem, Bglg}
   (You found it on level 5 of the Dungeon)

   It has a curse which improves the following skills: Elements: Fire Magic, Ice
   Magic, Air Magic and Earth Magic.
   Beguiling: Conjurations, Hexes and Translocations.
 D - the cursed +4 troll leather armour of the Eternal Ether (melded) {Regen+, Elem, Self}
   (You found it on level 1 of the Orcish Mines)

   Regen:     It increases your rate of health regeneration.
   It has a curse which improves the following skills: Elements: Fire Magic, Ice
   Magic, Air Magic and Earth Magic.
   Introspection: Fighting and Spellcasting.
 L - the cursed +2 buckler of Supernal Understanding (worn) {Elem, Bglg}
   (You found it on level 7 of the Dungeon)

   It has a curse which improves the following skills: Elements: Fire Magic, Ice
   Magic, Air Magic and Earth Magic.
   Beguiling: Conjurations, Hexes and Translocations.
 V - the cursed +0 cloak of Supernal Understanding (worn) {MP+9 Str-4 Int+2 Slay+2, Evo, Elem}
   (You found it in a Gauntlet)

   Str:       It affects your strength (-4).
   Int:       It affects your intelligence (+2).
   Slay:      It affects your accuracy & damage with ranged weapons and melee
   (+2).
   MP:        It affects your magic capacity (+9).
   It has a curse which improves the following skills: Evocations: Evocations.
   Elements:  Fire Magic, Ice Magic, Air Magic and Earth Magic.
 X - a +2 helmet of intelligence (worn)
   (You found it on level 3 of the Elven Halls)
Magical Staves
 o - the cursed staff of fire "Tethered Adversity" (weapon) {rPois rF+ Int+3 Dex+2, Bglg, Elem, !a}
   (You found it on level 3 of the Elven Halls)

   [staff of fire]

   Base accuracy: +5 Base damage: 5 Base attack delay: 1.2 This weapon's minimum
   attack delay (0.6) is reached at skill level 12.
   Int:       It affects your intelligence (+3).
   Dex:       It affects your dexterity (+2).
   rF:        It protects you from fire.
   rPois:     It protects you from poison.
   It falls into the 'Staves' category.
   It is a one-handed weapon.
   It has a curse which improves the following skills: Beguiling: Conjurations,
   Hexes and Translocations.
   Elements:  Fire Magic, Ice Magic, Air Magic and Earth Magic.
Jewellery
 c - a ring of resist corrosion
   (You found it on level 1 of the Dungeon)
 i - a ring of magical power
   (You found it on level 10 of the Dungeon)
 m - a ring of willpower
   (You took it off Maurice on level 12 of the Dungeon)
 p - a ring of protection from fire
   (You found it on level 3 of the Dungeon)
 r - the cursed ring of Supernal Knowledge (left fist) {Int+6, Bglg, Elem}
   (You found it on level 6 of the Dungeon)

   [ring of intelligence]

   Int:       It affects your intelligence (+6).
   It has a curse which improves the following skills: Beguiling: Conjurations,
   Hexes and Translocations.
   Elements:  Fire Magic, Ice Magic, Air Magic and Earth Magic.
 v - a +5 ring of evasion
   (You found it in a Gauntlet)
 E - the cursed amulet "Sorrow of Ashenzari" (around neck) {RegenMP, Bglg, Elem}
   (You acquired it on level 5 of the Lair of Beasts)

   [amulet of magic regeneration]

   It increases your rate of magic regeneration.
   It has a curse which improves the following skills: Beguiling: Conjurations,
   Hexes and Translocations.
   Elements:  Fire Magic, Ice Magic, Air Magic and Earth Magic.
 W - the cursed ring of Ashenzari's Vexation (right fist) {rPois rF+ rN+ Int+6 Slay-5, Cun, Comp}
   (You bought it in a shop on level 1 of the Orcish Mines)

   [ring of intelligence]

   Int:       It affects your intelligence (+6).
   Slay:      It affects your accuracy & damage with ranged weapons and melee
   (-5).
   rF:        It protects you from fire.
   rPois:     It protects you from poison.
   rN:        It protects you from negative energy.
   It has a curse which improves the following skills: Cunning: Dodging and
   Stealth.
   Companions: Summonings and Necromancy.
Wands
 b - a wand of roots (25)
   (You found it on level 2 of the Lair of Beasts)
 e - a wand of paralysis (55)
   (You found it on level 3 of the Dungeon)
 j - a wand of digging (14)
   (You took it off Harold on level 1 of the Orcish Mines)
 l - a wand of light (18)
   (You found it on level 1 of the Snake Pit)
 F - a wand of mindburst (30)
   (You found it on level 6 of the Dungeon)
Scrolls
 a - 10 scrolls of immolation
 d - 10 scrolls of fear
 f - 4 scrolls of summoning
 t - 18 scrolls of teleportation
 x - 3 scrolls of silence
 z - 10 scrolls of blinking
 A - 4 scrolls of amnesia
 C - 4 scrolls of vulnerability
 J - 3 scrolls of enchant armour
 M - 10 scrolls of magic mapping
 N - 6 scrolls of poison
 P - 9 scrolls of fog
Potions
 h - 10 potions of haste
 k - 7 potions of cancellation
 n - a potion of resistance
 q - 20 potions of curing
 s - 6 potions of lignification
 u - 11 potions of flight
 w - 14 potions of heal wounds
 G - 6 potions of mutation
 I - 7 potions of attraction
 O - 8 potions of ambrosia
 R - a potion of magic
 S - a potion of berserk rage
 U - 5 potions of invisibility
 Z - 4 potions of brilliance
Miscellaneous
 K - a phial of floods
   (You found it on level 3 of the Snake Pit)
 T - a box of beasts
   (You found it on level 5 of the Lair of Beasts)
 Y - a phantom mirror
   (You found it on level 10 of the Dungeon)


   Skills:
 - Level 6.7 Fighting
 - Level 10.0 Short Blades
 - Level 0.7 Throwing
 - Level 0.7 Armour
 - Level 8.8(11.0) Dodging
 - Level 12.9(15.0) Stealth
 - Level 20.2 Spellcasting
 + Level 13.0(18.0) Conjurations
 - Level 7.2(12.2) Hexes
 - Level 12.9(15.0) Necromancy
 - Level 2.4(6.2) Translocations
 - Level 7.0 Transmutations
 + Level 12.0(17.8) Fire Magic
 - Level 9.2(15.0) Ice Magic
 - Level 9.2(15.0) Air Magic
 - Level 9.0(14.8) Earth Magic
 - Level 6.8(9.0) Evocations


You had 12 spell levels left.
You knew the following spells:

 Your Spells              Type           Power      Damage    Failure   Level
a - Confusing Touch       Hex            100%       N/A       0%          3
b - Freezing Cloud        Conj/Ice/Air   56%        6-21      1%          5
c - Simulacrum            Ice/Necr       55%        N/A       1%          6
d - Borgnjor's Vile Clut  Necr/Erth      55%        N/A       1%          5
e - Death Channel         Necr           55%        N/A       1%          6
f - Statue Form           Tmut/Erth      64%        N/A       1%          6
g - Fire Storm            Conj/Fire      71%        8d18      45%         9
i - Irradiate             Conj/Tmut      51%        3d28      1%          5
q - Apportation           Tloc           100%       N/A       1%          1
r - Blink                 Tloc           100%       N/A       1%          2

Your spell library contained the following spells:

 Spells                   Type           Power      Damage    Failure   Level
 Foxfire                  Conj/Fire      100%       2x1d9     0%          1
 Freeze                   Ice            100%       1d10      0%          1
 Magic Dart               Conj           100%       1d8       0%          1
 Necrotise                Necr           100%       1d9       0%          1
 Slow                     Hex            100%       N/A       0%          1
 Scorch                   Fire           100%       2d9       0%          2
 Searing Ray              Conj           100%       2d8       0%          2
 Static Discharge         Conj/Air       100%       2-7/arc   0%          2
 Sublimation of Blood     Necr           100%       N/A       0%          2
 Dazzling Flash           Conj/Hex       100%       N/A       0%          3
 Frozen Ramparts          Ice            100%       1d16      0%          3
 Hailstorm                Conj/Ice       100%       3d20      0%          3
 Inner Flame              Hex/Fire       100%       N/A       0%          3
 Ozocubu's Armour         Ice            100%       N/A       0%          3
 Stone Arrow              Conj/Erth      100%       3d13      0%          3
 Tukima's Dance           Hex            100%       N/A       0%          3
 Vampiric Draining        Necr           100%       2d13      0%          3
 Volatile Blastmotes      Fire/Tloc      100%       2d18      0%          3
 Airstrike                Air            55%        2d(8-24)  0%          4
 Flame Wave               Conj/Fire      100%       2d21      0%          4
 Fulminant Prism          Conj/Hex       55%        3d25      0%          4
 Fireball                 Conj/Fire      71%        3d27      0%          5
 Summon Small Mammal      Summ           100%       N/A       1%          1
 Cigotuvi's Dreadful Rot  Necr/Pois/Air  100%       N/A       1%          2
 Lesser Beckoning         Tloc           100%       N/A       1%          2
 Poisonous Vapours        Pois/Air       100%       N/A       1%          2
 Gell's Gravitas          Tloc           79%        N/A       1%          3
 Ignite Poison            Fire/Tmut/Pois 100%       N/A       1%          3
 Mephitic Cloud           Conj/Pois/Air  98%        N/A       1%          3
 Portal Projectile        Hex/Tloc       100%       N/A       1%          3
 Summon Guardian Golem    Hex/Summ       80%        N/A       1%          3
 Teleport Other           Tloc           79%        N/A       1%          3
 Vhi's Electric Charge    Tloc/Air       100%       N/A       1%          3
 Animate Armour           Summ/Erth      100%       N/A       1%          4
 Iskenderun's Mystic Bla  Conj/Tloc      100%       2d19      1%          4
 Leda's Liquefaction      Hex/Erth       52%        N/A       1%          4
 Manifold Assault         Tloc           79%        N/A       1%          4
 Passage of Golubria      Tloc           79%        N/A       1%          4
 Petrify                  Tmut/Erth      97%        N/A       1%          4
 Summon Ice Beast         Ice/Summ       85%        N/A       1%          4
 Summon Lightning Spire   Summ/Air       85%        N/A       1%          4
 Agony                    Necr           100%       N/A       1%          5
 Blade Hands              Tmut           41%        N/A       1%          5
 Lee's Rapid Deconstruct  Erth           54%        3d25*     1%          5
 Metabolic Englaciation   Hex/Ice        53%        N/A       1%          5
 Summon Mana Viper        Hex/Summ       80%        N/A       1%          5
 Yara's Violent Unravell  Hex/Tmut       46%        3d18      1%          5
 Conjure Ball Lightning   Conj/Air       57%        3x3d21    1%          6
 Iron Shot                Conj/Erth      57%        9d11      1%          6
 Plasma Beam              Fire/Air       69%        2x1d93    1%          6
 Starburst                Conj/Fire      71%        6d18      1%          6
 Call Canine Familiar     Summ           47%        N/A       2%          3
 Enfeeble                 Hex            50%        N/A       4%          7
 Summon Forest            Summ/Tloc      32%        N/A       6%          5
 Lehudib's Crystal Spear  Conj/Erth      57%        10d13     6%          8
 Dispersal                Tloc           39%        N/A       10%         6
 Discord                  Hex            50%        N/A       34%         8
 Dragon Form              Tmut           41%        N/A       36%         7
 Summon Cactus Giant      Summ           23%        N/A       73%         6
 Disjunction              Tloc           39%        N/A       99%         8
 Borgnjor's Revivificati  Necr           Unusable   N/A       N/A         8

Dungeon Overview and Level Annotations

Branches:
Dungeon (15/15) Zot: 26104  Temple (0/1) D:6            Lair (5/5) D:10 Zot: 24868
  Swamp (4/4) Lair:3 Zot: 22151   Snake (4/4) Lair:2 Zot: 21191   Slime (0/5) Lair:4
    Orc (2/2) D:10 Zot: 10513     Elf (3/3) Orc:2 Zot: 15176  Vaults (4/5) D:13 Zot: 18939
  Crypt (2/3) Vaults:2 Zot: 10419  Depths (0/4) D:15         Bailey (visited)
Gauntlet (visited)

Altars:
Ashenzari
Cheibriados
Fedhas
Kikubaaqudgha
Okawaru
Qazlal
Vehumet
Xom
Yredelemnul
Jiyva
Lugonu

Shops:
D:1 (   D:8 (*   D:11 [==?:   Orc:1 =!   Orc:2 ?[(?(   Elf:2 *(   Snake:3 *
Vaults:1 ?   Vaults:4 (

Portals:
Abyss: Lair:5
Trove: Elf:1 (give +6 demon trident)

Annotations:
D:15 Roxanne
Snake:1 2 runed translucent doors, MrCrawl's ghost, journeyman DsNe
Snake:2 1 runed translucent door, Umull's ghost, journeyman MiFi
Elf:2 3 runed translucent doors
Vaults:2 2 transporters, jlumianski's ghost, veteran KoBe


Innate Abilities, Weirdness & Mutations

You are a living statue of rough stone.
Your actions are slow, but your melee attacks are powerful.
You are resistant to unholy torment.
Your maximum health is greatly increased.
You are immune to poison.
Your equipment is partially melded.
Your natural rate of healing is accelerated.
You have razor-sharp teeth.
You have supernaturally acute eyesight. (SInv)
You are afflicted with vampirism and can become a bat while bloodless.
You sometimes lose your temper in combat.
You passively map a small area around you.


Message History

The zombie hands constrict the ghoul!!
You block the ghoul's attack. The ghoul claws you but does no damage.
The ghostly deep elf death mage beckons forth a restless soul!
The ghoul struggles to escape constriction.
The ancient champion struggles to escape constriction.
Casting: Borgnjor's Vile Clutch (safe; 1% risk of failure)
Confirm with . or Enter, or press ? or * to list all spells.
Aiming: Borgnjor's Vile Clutch (safe; 1% risk of failure)
Press: ? - help, Shift-Dir - straight line, f - flayed ghost, p - ancient champion
Aim: a flayed ghost (100% to hit)
Zombie hands grab the ghoul.
Zombie hands grab the bog body.
The flayed ghost is unaffected.
The ancient champion is unaffected.
The zombie hands constrict the ancient champion!
The zombie hands constrict the ghoul!!
The zombie hands constrict the bog body!!
The zombie hands constrict the ghoul!
A tarantella zombie comes into view.
The ancient champion escapes!
The ghoul struggles to escape constriction.
The ghoul misses you. You block the ghoul's attack.
The bog body struggles to escape constriction.
The ghoul misses you. The ghoul claws you but does no damage.
The ghoul struggles to escape constriction.
The bog body struggles to escape constriction.
The ghoul claws you but does no damage. The ghoul barely misses you.
The ghoul struggles to escape constriction.
The ancient champion casts a spell.
The ancient champion seems to speed up.
Casting: Borgnjor's Vile Clutch (safe; 1% risk of failure)
Confirm with . or Enter, or press ? or * to list all spells.
You erupt in a fountain of uncontrolled magic!
The ghoul is blasted with magical radiation!!!
The ghoul is moderately damaged.
The ghoul is blasted with magical radiation!!!
The ghoul is almost destroyed.
You are lightly contaminated with residual magic.
The zombie hands constrict the ghoul!!
The lost soul sacrifices itself to reknit the ghoul!
The zombie hands constrict the bog body!
You destroy the bog body!
The zombie hands constrict the ghoul!!
The ghostly deep elf death mage beckons forth a restless soul!
The ghoul closely misses you. The ghoul claws you but does no damage.
The ghoul struggles to escape constriction.
The ghoul claws you but does no damage. You block the ghoul's attack.
Casting: Irradiate (safe; 1% risk of failure)
Confirm with . or Enter, or press ? or * to list all spells.
Aiming: Borgnjor's Vile Clutch (safe; 1% risk of failure)
Press: ? - help, Shift-Dir - straight line, f - ancient champion, p - flayed ghost
Aim: an ancient champion, wielding a +3 great mace of draining and wearing a +0 chain mail (moderately damaged, fast, 100% to hit)
Zombie hands grab the ancient champion.
The zombie hands constrict the ancient champion.
The zombie hands constrict the ghoul!!
The zombie hands constrict the ghoul!
The ancient champion struggles to escape constriction.
The ghoul escapes!
The ghoul claws you but does no damage. x2
The ghoul claws you!! The ghoul barely misses you.
The ancient champion struggles to escape constriction.
The ghoul completely misses you. The ghoul claws you.
The zombie hands constrict the ancient champion!
The zombie hands constrict the ghoul!!
The zombie hands release their grip on the ghoul.
The ancient champion escapes!
The ghoul claws you! The ghoul claws you but does no damage.
The ancient champion points at you and mumbles some strange words.
The iron shot hits you!!
The ghostly deep elf death mage beckons forth a restless soul!
You block the ancient champion's attack.
Casting: Borgnjor's Vile Clutch (safe; 1% risk of failure)
Confirm with . or Enter, or press ? or * to list all spells.
You erupt in a fountain of uncontrolled magic!
The ghoul is blasted with magical radiation!!!
The lost soul sacrifices itself to reknit the ghoul!
The ghoul is blasted with magical radiation!!!
The ghoul is severely damaged.
The ancient champion is blasted with magical radiation!!
The ancient champion is almost destroyed.
You are contaminated with residual magic.
The ancient champion hits you with a +3 great mace of draining.
The ghoul misses you. The ghoul completely misses you.
The ancient champion hits you but does no damage.
Casting: Irradiate (safe; 1% risk of failure)
Confirm with . or Enter, or press ? or * to list all spells.
You blink.
The tarantella zombie hits you!
The ghoul claws you but does no damage. x2; You block the ghoul's attack. x2
As you read the scroll of teleportation, it crumbles to dust.
You feel strangely unstable.
You block the tarantella zombie's attack.
The ghoul claws you! x2; The ghoul claws you but does no damage.
You block the ghoul's attack.
The ghostly deep elf death mage points at you and mumbles some strange words.
The bolt of negative energy hits the ghoul.
The ghoul completely resists.
The bolt of negative energy hits you. You partially resist.
You feel drained.
* * * LOW HITPOINT WARNING * * *
The ancient champion attacks as you move away!
The ancient champion hits you with a +3 great mace of draining!!
* * * LOW HITPOINT WARNING * * *
The ancient champion gestures at you while chanting.
The iron shot hits you!!
You die...

......V#,,, ####..!# ,
,,, ...⌠...'
###......### ,, *
.......# #.......... ,
,,, .#####.#*, ,
#...†.#* * * , *
#.)[[.#### #*..†.#
###[####.#######..n..#
,*
#.....##.......#.ze..#
**
.#.).#.#....####.nZn.#
.#...#.#....# #8nW..#
.#.⌠.#.#....# ####..#
.#...#.#....# #..#
.#...#.#....# #..#
#.....##....# #..#
##+#.##.....# #..# *
#....###...## #..#
#.#### #.### #..# ..#
#.# #..#


You could see 3 ghouls, an ancient champion (fast), a ghostly deep elf death
mage, a flayed ghost, a bog body, a lost soul (summoned) and a tarantella
zombie.

Vanquished Creatures
  A shard shrike zombie (Crypt:1)
  Jorgrun (D:12)
  Asterion (Vaults:2)
  A lich (Crypt:2)
  2 deep elf master archers (Elf:3)
  A deep elf blademaster (Elf:3)
  2 ancient champions
  3 sphinxes
  3 tengu reavers
  7 vault wardens
  Aizul (Snake:4)
  8 deep elf sorcerers
  5 ghouls (Crypt:1)
  8 ironbound preservers
  2 curse skulls (Crypt:1)
  A deep elf elementalist (Elf:3)
  An orc warlord (Vaults:1)
  3 reapers
  A very ugly thing (Vaults:2)
  3 vampire knights
  3 deep elf demonologists
  An ironbound thunderhulk (Vaults:4)
  Azrael (D:12)
  2 deep elf annihilators
  A bunyip (Swamp:2)
  A minotaur (Gauntlet)
  4 dire elephants
  Snorg (Lair:3)
  2 deep elf death magi
  3 eidola
  A quicksilver dragon zombie (Crypt:1)
  A fire dragon (D:15)
  Fannar (Orc:1)
  3 jiangshi (Crypt:1)
  2 deep elf high priests (Elf:3)
  2 great orbs of eyes
  2 salamander tyrants (Snake:4)
  An entropy weaver (Vaults:2)
  3 vault guards
  Harold (Orc:1)
  7 yaktaur captains
  A caustic shrike simulacrum (Crypt:2)
  9 hydras
  6 centaur warriors
  7 anacondas
  2 catoblepae
  7 ironbound frosthearts
  2 boulder beetles
  2 alligators
  6 dancing weapons
  A ghost crab (Swamp:4)
  4 two-headed ogres
  A tengu warrior (D:13)
  3 death knights
  6 naga warriors
  7 vampire magi
  4 orc high priests (Orc:2)
  9 deep elf knights
  5 naga sharpshooters
  3 shock serpents
  3 thrashing horrors (Lair:5)
  4 skysharks
  A titan skeleton (Crypt:1)
  Sonja (Orc:1)
  Amaemon (D:9)
  5 salamander mystics (Snake:4)
  21 skeletal warriors
  A sea snake (Snake:3)
  2 shadow wraiths
  3 spriggan druids
  3 flayed ghosts (Crypt:2)
  8 deep trolls
  A spriggan rider (Swamp:1)
  An obsidian statue (Gauntlet)
  7 bog bodies
  18 deep elf archers
  A goliath frog (Swamp:3)
  3 necromancers
  A lindwurm (Vaults:2)
  A spriggan simulacrum (Crypt:1)
  An anaconda zombie (Crypt:1)
  4 naga ritualists
  2 glowing orange brains
  An iron giant skeleton (Crypt:1)
  6 phantasmal warriors
  5 ironbound convokers
  9 orc knights
  6 mana vipers
  30 deep elf pyromancers
  3 orc sorcerers
  6 wizards
  4 harpies (Vaults:2)
  16 deep elf zephyrmancers
  17 ugly things
  A sphinx skeleton (Vaults:1)
  A shadow dragon skeleton (Crypt:2)
  A wolf spider (shapeshifter) (Lair:5)
  An oklob plant (D:10)
  6 manticores
  6 salamanders
  A will-o-the-wisp (Swamp:1)
  A stone giant skeleton (Vaults:1)
  A cyclops (D:15)
  Maurice (D:12)
  6 elephants (Lair:3)
  2 guardian serpents
  A dire elephant zombie (Crypt:1)
  A fire giant skeleton (Crypt:2)
  5 torpor snails
  16 black mambas
  14 vault sentinels
  A centaur skeleton (Crypt:1)
  An orange demon (D:9)
  3 smoke demons (Lair:5)
  An elephant (shapeshifter) (Elf:2)
  5 naga magi
  9 cane toads
  2 gargoyles
  2 kobold demonologists
  3 rime drakes
  8 komodo dragons
  5 freezing wraiths
  A minotaur zombie (Crypt:1)
  10 yaktaurs
  An alligator snapping turtle skeleton (Crypt:2)
  An ancient zyme (Lair:5)
  A purple draconian skeleton (Crypt:2)
  4 red devils (Elf:2)
  A black draconian skeleton (Crypt:2)
  A bloated husk (Swamp:2)
  5 tyrant leeches
  3 polar bears
  2 hornets
  2 hellwings (Gauntlet)
  8 trolls
  A tarantella (Vaults:3)
  20 blink frogs
  A dream sheep (shapeshifter) (Lair:5)
  A hydra skeleton (Crypt:1)
  A merfolk zombie (Crypt:1)
  10 dream sheep
  Sigmund (D:2)
  4 flying skulls (Gauntlet)
  13 slime creatures
  An ettin zombie (Crypt:1)
  A centaur simulacrum (D:12)
  An ettin skeleton (Crypt:1)
  A culicivora (Vaults:2)
  A ynoxinul (Lair:5)
  A spriggan (Swamp:1)
  6 air elementals
  5 basilisks
  3 water elementals
  5 wraiths
  2 vampires
  51 yaks
  A steam dragon (D:8)
  A chaos spawn (Lair:5)
  2 wyverns (Lair:4)
  6 humans (D:13)
  Grum (D:9)
  7 fire elementals
  4 vampire mosquitoes (D:12)
  2 redbacks (Vaults:2)
  Edmund (D:6)
  A glowing shapeshifter zombie (Vaults:4)
  12 nagas
  7 swamp worms
  An acid dragon (D:8)
  4 wargs (Orc:1)
  3 hell hounds (D:12)
  A glowing shapeshifter skeleton (Crypt:2)
  3 human skeletons (Vaults:1)
  A hydra simulacrum (Crypt:2)
  32 orc warriors
  12 water moccasins
  2 swamp drakes (Swamp:4)
  3 ice beasts
  A black bear (shapeshifter) (D:13)
  3 sky beasts
  A black bear (D:7)
  6 ogres
  22 wolves
  A snapping turtle zombie (Crypt:1)
  7 centaurs
  10 small abominations (Lair:5)
  A lindwurm skeleton (Crypt:2)
  A phantom (D:5)
  An elephant skeleton (Crypt:2)
  7 kobold brigands
  A necrophage (Crypt:1)
  Blork the orc (D:5)
  14 bullfrogs
  2 scorpions (D:10)
  An earth elemental (Elf:2)
  A naga simulacrum (Crypt:2)
  6 gnoll sergeants
  A yaktaur skeleton (Crypt:1)
  5 wights (D:8)
  A troll zombie (Crypt:2)
  3 killer bees (D:8)
  An oklob sapling (D:10)
  2 electric eels (D:12)
  5 howler monkeys
  2 gnoll boudas
  29 orc priests
  7 hounds
  2 jellies (Lair:4)
  A sleepcap (D:5)
  5 iguanas
  16 orc wizards
  A boggart simulacrum (D:15)
  Robin (D:2)
  16 gnolls
  13 adders
  2 white imps
  2 ufetubi
  A lava snake skeleton (Crypt:2)
  2 worms
  5 dart slugs
  81 orcs
  2 bat skeletons (D:13)
  4 bat zombies
  7 endoplasms
  4 giant cockroaches
  21 goblins
  8 hobgoblins
  4 jackals
  29 kobolds
  6 quokkas
  9 ball pythons
  4 bats
  7 frilled lizards
  8 rats
  2 bushes
1167 creatures vanquished.

Vanquished Creatures (collateral kills)
  A tentacled monstrosity (Vaults:4)
  A deep elf blademaster (Elf:3)
  A thorn hunter (Swamp:4)
  A sphinx (Vaults:2)
  2 nagarajas (Snake:4)
  2 fire giants (Vaults:3)
  5 vault wardens
  4 deep elf sorcerers (Elf:3)
  8 ironbound preservers
  2 deep elf elementalists (Elf:3)
  3 ironbound thunderhulks
  A very ugly thing (Vaults:3)
  5 deep elf demonologists (Elf:3)
  3 deep elf annihilators (Elf:3)
  5 dire elephants
  2 bunyips
  6 deep elf death magi
  A shambling mangrove (Swamp:3)
  5 yaktaur captains
  An entropy weaver (Vaults:3)
  6 great orbs of eyes
  6 vault guards
  11 hydras
  6 centaur warriors
  6 ironbound frosthearts
  An ice dragon (D:15)
  A boulder beetle (D:15)
  A salamander tyrant (Snake:4)
  8 anacondas
  4 alligators
  An orc high priest (Orc:2)
  9 naga warriors
  7 naga sharpshooters
  3 shock serpents
  A salamander mystic (Snake:3)
  2 sea snakes (Snake:3)
  A spriggan rider (Swamp:1)
  6 naga ritualists
  3 goliath frogs
  2 spriggan druids (Swamp:4)
  6 swamp dragons (Swamp:4)
  3 lindwurms
  22 deep trolls
  A harpy (shapeshifter) (Lair:5)
  A deep elf archer (Elf:3)
  7 ironbound convokers
  An orc knight (Vaults:1)
  11 mana vipers
  2 necromancers
  A deep elf zephyrmancer (Elf:3)
  3 wizards
  4 deep elf pyromancers
  A shadow dragon skeleton (Vaults:4)
  A harpy (Vaults:2)
  A stone giant zombie (Vaults:4)
  12 ugly things
  2 will-o-the-wisps (Swamp:3)
  11 salamanders
  11 vault sentinels
  3 guardian serpents
  19 black mambas
  12 naga magi
  9 yaktaurs
  A polar bear (Lair:5)
  2 tyrant leeches (Swamp:3)
  3 blink frogs (Lair:5)
  7 hornets
  6 dream sheep (Lair:5)
  16 slime creatures
  6 spriggans
  A large abomination (Lair:5)
  2 yaks (Lair:5)
  A water elemental (Elf:3)
  2 humans (D:13)
  26 nagas
  14 swamp worms
  3 small abominations (Lair:5)
  6 orc warriors
  9 swamp drakes
  An electric eel (Lair:3)
  4 orc priests
  2 orc wizards (Orc:1)
  5 orcs
405 creatures vanquished.

Vanquished Creatures (others)
  A deep elf knight (Elf:1)
  A wizard (Vaults:2)
  A vault sentinel (Vaults:3)
  A bloated husk (Swamp:2)
  A killer bee (D:8)
  A bush (D:10)
  21 foxfires
  34 fungi
  50 plants
111 creatures vanquished.

Grand Total: 1683 creatures vanquished

Notes
Turn   | Place    | Note
-------+----------+-------------------------------------------
     0 | D:1      | Flugkiller the Vampire Warper began the quest for the Orb.
     0 | D:1      | Reached XP level 1. HP: 16/16 MP: 3/3
   110 | D:1      | Found Tijux Yga's Antique Weapon Shop.
   166 | D:1      | Reached XP level 2. HP: 15/22 MP: 5/5
   483 | D:1      | Gained mutation: You are afflicted with vampirism and can
                  | become a bat while bloodless. [Vampire growth]
   483 | D:1      | Reached XP level 3. HP: 27/27 MP: 6/6
   835 | D:2      | Reached skill level 1 in Stealth
   864 | D:2      | Noticed Robin
   881 | D:2      | Reached skill level 1 in Hexes
   986 | D:2      | Killed Robin
   987 | D:2      | Reached XP level 4. HP: 24/33 MP: 7/7
   998 | D:2      | Learned a level 3 spell: Confusing Touch
  1082 | D:2      | Learned a level 2 spell: Blink
  1128 | D:2      | Noticed Sigmund
  1508 | D:2      | Killed Sigmund
  1509 | D:2      | Reached skill level 5 in Stealth
  1509 | D:2      | Reached skill level 3 in Spellcasting
  1509 | D:2      | Reached XP level 5. HP: 24/38 MP: 3/9
  1509 | D:2      | Reached XP level 6. HP: 28/44 MP: 3/10
  2252 | D:4      | Found a stormy altar of Qazlal.
  2252 | D:4      | Found a broken altar of Ashenzari.
  2259 | D:4      | Found an iron altar of Okawaru.
  2265 | D:4      | Became a worshipper of Ashenzari the Shackled
  2301 | D:4      | Reached skill level 5 in Hexes
  2351 | D:4      | Noticed a water moccasin
  2358 | D:4      | Killed a water moccasin
  2359 | D:4      | Reached skill level 1 in Evocations
  2359 | D:4      | Reached XP level 7. HP: 21/51 MP: 11/11
  2602 | D:4      | Found a blossoming altar of Fedhas.
  3164 | D:5      | Entered Level 5 of the Dungeon
  3185 | D:5      | Identified the +0 scale mail of Spite {rF+}
  3220 | D:5      | Identified the +4 flail of Yxkiuty {flame, rCorr Str-5
                  | Int+3 Dex+5}
  3659 | D:5      | Noticed Blork the orc
  3673 | D:5      | Killed Blork the orc
  3775 | D:4      | Reached * piety under Ashenzari
  3829 | D:5      | Reached skill level 5 in Short Blades
  3829 | D:5      | Reached XP level 8. HP: 46/46 MP: 12/12
  3955 | D:6      | Noticed Edmund
  3967 | D:6      | Killed Edmund
  3985 | D:6      | Reached skill level 1 in Ice Magic
  3992 | D:6      | Reached skill level 1 in Air Magic
  4020 | D:6      | Identified a scroll of acquirement
  4033 | D:6      | Reached skill level 1 in Conjurations
  4251 | D:6      | Reached ** piety under Ashenzari
  4391 | D:6      | Found a staircase to the Ecumenical Temple.
  4849 | D:7      | Reached skill level 4 in Spellcasting
  4931 | D:7      | Reached XP level 9. HP: 28/52 MP: 12/15
  5147 | D:7      | Learned a level 5 spell: Freezing Cloud
  5544 | D:8      | Found Fuelatro's Weapon Shoppe.
  5721 | D:8      | Found Nocatadgh's General Store.
  5729 | D:8      | Bought a scroll of poison for 64 gold pieces
  6032 | D:8      | Reached *** piety under Ashenzari
  6084 | D:8      | Reached skill level 5 in Ice Magic
  6100 | D:8      | Reached skill level 5 in Air Magic
  6550 | D:9      | Reached XP level 10. HP: 59/59 MP: 15/19
  6602 | D:9      | Noticed Grum
  6604 | D:9      | Noticed Amaemon
  7381 | D:9      | Noticed an orange demon
  7472 | D:9      | Killed Grum
  7491 | D:9      | Killed an orange demon
  7496 | D:9      | Killed Amaemon
  7655 | D:10     | Entered Level 10 of the Dungeon
  7669 | D:10     | Found a flagged portal.
  7683 | Bailey   | Entered a bailey
  7694 | Bailey   | Reached skill level 5 in Conjurations
  7818 | Bailey   | Noticed an orc knight
  7864 | Bailey   | Killed an orc knight
  7968 | D:10     | Reached XP level 11. HP: 60/80 MP: 3/20
  8251 | D:10     | Noticed a two-headed ogre
  8281 | D:10     | Killed a two-headed ogre
  8653 | D:10     | Found a staircase to the Orcish Mines.
  8725 | D:10     | Found a staircase to the Lair.
  8771 | D:10     | Reached **** piety under Ashenzari
  8937 | D:10     | Noticed an oklob plant
  8944 | D:10     | Killed an oklob plant
  9098 | Lair:1   | Entered Level 1 of the Lair of Beasts
  9428 | Lair:1   | Learned a level 6 spell: Simulacrum
  9881 | Lair:2   | Reached skill level 1 in Necromancy
  9883 | Lair:2   | Reached XP level 12. HP: 89/89 MP: 22/23
 10378 | Lair:2   | Found a staircase to the Snake Pit.
 10595 | Lair:3   | Reached skill level 5 in Dodging
 10775 | Lair:3   | Noticed a catoblepas
 10807 | Lair:3   | Killed a catoblepas
 10808 | Lair:3   | Reached skill level 5 in Necromancy
 11085 | Lair:3   | Noticed a six-headed hydra
 11110 | Lair:3   | Killed a six-headed hydra
 11248 | Lair:3   | Noticed Snorg
 11371 | Lair:3   | Killed Snorg
 11505 | Lair:4   | Reached XP level 13. HP: 81/96 MP: 21/24
 11635 | Lair:4   | Acquired the +2 pair of boots "Rifequ" {rF+ Stlth+}
 11668 | Lair:4   | Reached skill level 5 in Spellcasting
 11751 | Lair:4   | Reached skill level 10 in Stealth
 11775 | Lair:4   | Found a staircase to the Slime Pits.
 11775 | Lair:4   | Found a viscous altar of Jiyva.
 11846 | Lair:4   | Reached skill level 6 in Spellcasting
 11856 | Lair:4   | Acquired Flugkiller's Tractate on Charnel Points
 11864 | Lair:4   | Learned a level 5 spell: Borgnjor's Vile Clutch
 11871 | Lair:4   | Learned a level 6 spell: Death Channel
 11895 | Lair:4   | Identified the +6 hand axe "Juoq" {freeze, rC+++ Dex+4}
 12158 | Lair:5   | Entered Level 5 of the Lair of Beasts
 12180 | Lair:5   | Reached skill level 1 in Earth Magic
 12324 | Lair:5   | Acquired an amulet of magic regeneration
 12440 | Lair:5   | Found a snail-covered altar of Cheibriados.
 12461 | Lair:5   | Reached skill level 10 in Necromancy
 12574 | Lair:5   | Reached skill level 7 in Spellcasting
 12787 | Lair:5   | Reached skill level 8 in Spellcasting
 12836 | Lair:5   | Reached ***** piety under Ashenzari
 12937 | Lair:5   | Reached XP level 14. HP: 103/103 MP: 29/29
 13196 | Lair:5   | Found a corrupted altar of Lugonu.
 13196 | Lair:5   | Found a one-way gate to the infinite horrors of the Abyss.
 13986 | Orc:1    | Entered Level 1 of the Orcish Mines
 13986 | Orc:1    | Found Huest's Distillery.
 14054 | Orc:1    | Found Otwot's Jewellery Emporium.
 14084 | Orc:1    | Reached skill level 5 in Fighting
 14107 | Orc:1    | Noticed Fannar
 14118 | Orc:1    | Noticed Sonja
 14118 | Orc:1    | Noticed Harold
 14142 | Orc:1    | Killed Sonja
 14196 | Orc:1    | Killed Fannar
 14204 | Orc:1    | Killed Harold
 14205 | Orc:1    | Reached skill level 9 in Spellcasting
 14552 | Orc:2    | Entered Level 2 of the Orcish Mines
 14633 | Orc:2    | Found Sesenaci's Firing Range.
 14751 | Orc:2    | Found a staircase to the Elven Halls.
 15111 | Orc:2    | Reached skill level 5 in Earth Magic
 15198 | Orc:2    | Found Reimmoeh's Magic Scroll Boutique.
 15198 | Orc:2    | Found Watan's Magic Scroll Boutique.
 15199 | Orc:2    | Found Wetagh's Weapon Shop.
 15199 | Orc:2    | Found Muzirun's Armour Boutique.
 15210 | Orc:2    | Bought 2 scrolls of blinking for 195 gold pieces
 15210 | Orc:2    | Bought a scroll of fog for 52 gold pieces
 15210 | Orc:2    | Bought a scroll of teleportation for 39 gold pieces
 15453 | Orc:1    | Bought the ring of Unaczakk {rPois rF+ rN+ Int+6 Slay-5}
                  | for 523 gold pieces
 15466 | Orc:1    | Bought a potion of mutation for 120 gold pieces
 15466 | Orc:1    | Bought a potion of invisibility for 120 gold pieces
 15466 | Orc:1    | Bought a potion of brilliance for 60 gold pieces
 15466 | Orc:1    | Bought a potion of cancellation for 120 gold pieces
 15466 | Orc:1    | Bought a potion of curing for 45 gold pieces
 15466 | Orc:1    | Bought a potion of curing for 45 gold pieces
 15466 | Orc:1    | Bought a potion of curing for 45 gold pieces
 15466 | Orc:1    | Bought a potion of curing for 45 gold pieces
 15466 | Orc:1    | Bought a potion of ambrosia for 120 gold pieces
 15556 | D:11     | Identified the +3 short sword "Xorufac" {flame, Dex+3}
 15570 | D:11     | Found Ynaeloow's Antique Armour Emporium.
 15656 | D:11     | Found Loifon's Jewellery Shoppe.
 15853 | D:11     | Found Luywauphomm's Jewellery Boutique.
 15920 | D:11     | Found a snail-covered altar of Cheibriados.
 15944 | D:11     | Found Lushen's Magic Scroll Emporium.
 15948 | D:11     | Bought a scroll of blinking for 82 gold pieces
 15948 | D:11     | Bought a scroll of enchant armour for 82 gold pieces
 15975 | D:11     | Found Poehoqip's Book Shoppe.
 16450 | D:12     | Noticed Azrael
 16457 | D:12     | Killed Azrael
 16554 | D:12     | Noticed Jorgrun
 16578 | D:12     | Killed Jorgrun
 16649 | D:12     | Noticed Maurice
 16651 | D:12     | Paralysed by Maurice for 2 turns
 16656 | D:12     | Killed Maurice
 16694 | D:12     | Reached skill level 10 in Spellcasting
 17092 | D:13     | Reached XP level 15. HP: 113/113 MP: 32/32
 17249 | D:13     | Identified the +6 tower shield of the Poles {rC+ Dex+3}
 17260 | D:13     | Found a gate to the Vaults.
 17614 | D:13     | Found an ancient bone altar of Kikubaaqudgha.
 17626 | D:13     | Learned a level 6 spell: Statue Form
 17790 | D:14     | Reached skill level 1 in Transmutations
 17808 | D:14     | Identified the +5 scale mail of Fortitude {Fly rC++ Str+3}
 18322 | D:15     | Entered Level 15 of the Dungeon
 18322 | D:15     | Identified Roxanne's Essays on the Figure
 18322 | D:15     | Noticed Roxanne
 18324 | D:15     | Reached skill level 10 in Short Blades
 18324 | D:15     | Reached skill level 11 in Spellcasting
 18425 | D:15     | Found a gate leading to a gauntlet.
 18434 | Gauntlet | Entered a Gauntlet
 18434 | Gauntlet | Identified the +0 cloak "Damnable Contraption" {MP+9 Str-4
                  | Int+2 Slay+2}
 18434 | Gauntlet | Identified the amulet "Nismeam" {Acrobat rPois rC+ Will-
                  | Str+3}
 18434 | Gauntlet | Found a transporter.
 18434 | Gauntlet | Found a transporter.
 18435 | Gauntlet | Found a transporter.
 18435 | Gauntlet | Found a transporter.
 18438 | Gauntlet | Found a transporter.
 18448 | Gauntlet | Found a transporter.
 18452 | Gauntlet | Found a transporter.
 18462 | Gauntlet | Found a transporter.
 18469 | Gauntlet | Found a transporter.
 18486 | Gauntlet | Found a transporter.
 18490 | Gauntlet | Found a transporter.
 18500 | Gauntlet | Found a transporter.
 19209 | D:15     | Found a staircase to the Depths.
 19492 | Snake:1  | Entered Level 1 of the Snake Pit
 19609 | Snake:1  | Found a large runed translucent door.
 19609 | Snake:1  | Found a large runed translucent door.
 19611 | Snake:1  | Noticed MrCrawl's ghost (journeyman DsNe)
 19699 | Snake:1  | Identified the +0 arbalest "Gafub" {penet, rF+ Will- Int+3
                  | Dex+2}
 19754 | Snake:1  | Reached skill level 5 in Transmutations
 20013 | Snake:2  | Reached XP level 16. HP: 109/120 MP: 9/35
 20153 | Snake:2  | Found a runed translucent door.
 20154 | Snake:2  | Found a shimmering altar of Xom.
 20154 | Snake:2  | Noticed Umull's ghost (journeyman MiFi)
 20155 | Snake:2  | Identified the +1 glaive of Uskayaw's Benevolence {chaos,
                  | rPois Str+4 Int-3 SInv}
 20262 | Snake:3  | Reached skill level 12 in Spellcasting
 20274 | Snake:3  | Reached skill level 5 in Evocations
 20650 | Snake:3  | Found Saskir's CLEARANCE SALE!.
 20656 | Snake:3  | Bought a potion of haste for 80 gold pieces
 20818 | Snake:4  | Entered Level 4 of the Snake Pit
 20995 | Snake:4  | Reached skill level 13 in Spellcasting
 21199 | Snake:4  | Noticed Aizul
 21217 | Snake:4  | Killed Aizul
 21275 | Snake:4  | Identified the cursed +2 pair of gloves "Ensconced Sybil"
                  | {Elem, Bglg} (You found it on level 5 of the Dungeon)
 21275 | Snake:4  | Identified the cursed +2 pair of boots "Unveiling Chagrin"
                  | {Bglg, Self} (You found it on level 9 of the Dungeon)
 21434 | Snake:4  | Reached XP level 17. HP: 78/122 MP: 1/36
 21457 | Snake:4  | Reached skill level 14 in Spellcasting
 21752 | Snake:4  | Reached skill level 15 in Spellcasting
 21880 | Snake:4  | Got a serpentine rune of Zot
 22075 | Lair:3   | Found a staircase to the Swamp.
 22110 | Swamp:1  | Entered Level 1 of the Swamp
 22234 | Swamp:1  | Reached skill level 16 in Spellcasting
 23065 | Swamp:4  | Entered Level 4 of the Swamp
 23155 | Swamp:4  | Reached skill level 17 in Spellcasting
 23215 | Swamp:4  | Reached XP level 18. HP: 129/129 MP: 7/41
 23249 | Swamp:4  | Got a decaying rune of Zot
 23691 | Elf:1    | Entered Level 1 of the Elven Halls
 23711 | Elf:1    | Learned a level 1 spell: Apportation
 23888 | Elf:1    | Paralysed by an air elemental for 1 turns
 23915 | Elf:1    | Paralysed by an air elemental for 1 turns
 23917 | Elf:1    | Paralysed by an air elemental for 1 turns
 23919 | Elf:1    | Paralysed by an air elemental for 1 turns
 24070 | Elf:1    | Identified the Excursus on Frost and the Queen Bee
 24221 | Elf:1    | Found a portal to a secret trove of treasure.
 24580 | Elf:2    | Found Oriv's Weapon Shoppe.
 24641 | Elf:2    | Found Rekoeb's General Store.
 24651 | Elf:2    | Bought a scroll of acquirement for 988 gold pieces
 24665 | Elf:2    | Paralysed by an air elemental for 1 turns
 24691 | Elf:2    | Reached skill level 18 in Spellcasting
 24701 | Elf:2    | Found a runed translucent gate.
 24701 | Elf:2    | Found a runed translucent gate.
 24703 | Elf:2    | Found a runed translucent gate.
 24874 | Elf:2    | Paralysed by an air elemental for 1 turns
 25002 | Elf:2    | Noticed an Ice Fiend
 25003 | Elf:2    | Noticed a Brimstone Fiend
 25267 | Elf:3    | Entered Level 3 of the Elven Halls
 25587 | Elf:2    | Found a radiant altar of Vehumet.
 25613 | Elf:3    | Paralysed by an air elemental for 1 turns
 25647 | Elf:3    | Reached skill level 19 in Spellcasting
 25885 | Elf:3    | Reached XP level 19. HP: 109/140 MP: 30/45
 25984 | Elf:3    | Reached skill level 20 in Spellcasting
 26022 | Elf:3    | Identified the Opusculum on Topology and the Lithosphere
 26022 | Elf:3    | Found the +6 lightning scales {swift, rElec}
 26027 | Elf:3    | Identified the staff of fire "Dearism" {rPois rF+ Int+3
                  | Dex+2}
 26044 | Elf:3    | Identified the Compendium of the Radiant Mausoleum
 26071 | Elf:3    | Acquired 739 gold pieces
 26129 | Elf:3    | Identified the amulet "Vevvium" {Faith rF- rC+ Will+ Str-4
                  | Int+2}
 26143 | Elf:3    | Identified the +1 helmet of the Volcano {Str+3}
 26258 | Elf:3    | Learned a level 5 spell: Irradiate
 26268 | Elf:3    | Learned a level 9 spell: Fire Storm
 26639 | Vaults:1 | Entered Level 1 of the Vaults
 26649 | Vaults:1 | Reached skill level 1 in Fire Magic
 26685 | Vaults:1 | Found Caroor's Magic Scroll Boutique.
 26693 | Vaults:1 | Bought a scroll of fear for 60 gold pieces
 26693 | Vaults:1 | Bought a scroll of magic mapping for 112 gold pieces
 27815 | Vaults:2 | Reached skill level 5 in Fire Magic
 27950 | Vaults:2 | Found a staircase to the Crypt.
 27950 | Vaults:2 | Found a basalt altar of Yredelemnul.
 27951 | Vaults:2 | Found an ancient bone altar of Kikubaaqudgha.
 28093 | Vaults:2 | Noticed Asterion
 28108 | Vaults:2 | Killed Asterion
 28126 | Vaults:2 | Found a transporter.
 28126 | Vaults:2 | Noticed jlumianski's ghost (veteran KoBe)
 28127 | Vaults:2 | Noticed a dread lich
 28129 | Vaults:2 | Found a transporter.
 28161 | Vaults:2 | Found the +8 Wrath of Trog {antimagic, *Rage Rampage}
 28232 | Vaults:2 | Paralysed by a great orb of eyes for 4 turns
 28343 | Vaults:2 | Reached XP level 20. HP: 144/144 MP: 23/46
 28847 | Vaults:3 | Identified the cursed +4 troll leather armour of the
                  | Eternal Ether {Regen+, Elem, Self} (You found it on level 1
                  | of the Orcish Mines)
 29110 | Vaults:3 | Reached skill level 10 in Conjurations
 30082 | Vaults:4 | Identified the staff of fire "Ceff" {rF+ Str+2}
 30156 | Vaults:4 | Reached skill level 10 in Fire Magic
 30160 | Vaults:4 | Reached XP level 21. HP: 142/142 MP: 24/45
 30299 | Vaults:4 | Found Kemminta's Weapon Shop.
 31003 | Crypt:1  | Entered Level 1 of the Crypt
 31249 | Crypt:1  | Gained mutation: You passively map a small area around you.
                  | [mutagenic glow]
 32045 | Crypt:2  | Gained mutation: You sometimes lose your temper in combat.
                  | [mutagenic glow]
 32225 | Crypt:2  | Killed from afar by an ancient champion

Illustrated notes

Levels and vault maps discovered:
D:1:      minmay_arrival_diagonal_passages, layout_basic, serial_shops,
          nicolae_shop_advertising_works [nicolae_subvault_shop_adworks]
D:2:      layout_loops_ring, grunt_ministairs_4, uniq_robin, uniq_sigmund
D:3:      layout_rooms
D:4:      layout_cave_pods, elyvilon_altar_5, nicolae_overflow_quartered_altars,
          fedhas_altar_2
D:5:      layout_rooms, uniq_blork_the_orc
D:6:      layout_loops_ring, minmay_temple_entry_purple_smoke,
          minmay_increasing_density, uniq_edmund
D:7:      layout_basic, grunt_decor_fettered
D:8:      layout_loops_corners, serial_shops, shop, shop
D:9:      layout_basic, nicolae_benzene_ring, minmay_misc_feat_nine_boxes,
          uniq_grum, uniq_amaemon
D:10:     layout_roguey, grunt_lair_entry_orc_guard_hut,
          kennysheep_orc_monster_closet_entryway, enter_bailey_2,
          introduction_to_nature_2
D:11:     layout_grid_maze, serial_shops, nicolae_shop_tiny_waterfront,
          nicolae_shop_behind_doors, shop, shop, shop, slow_altar_1
D:12:     layout_loops_cross, serial_ice, serial_ice_n, serial_ice_a,
          serial_ice_o, serial_ice_j, serial_ice_m, uniq_jorgrun, uniq_maurice,
          uniq_azrael
D:13:     layout_rooms, ximxim_vaults_locker_room, kennysheep_vampire_church
D:14:     layout_long_grid, dk_noncrumbling_3
D:15:     grunt_enter_depths_hoard, layout_small_grid, serial_bayou_pond_c,
          gauntlet_entry_generic, uniq_roxanne
Lair:1:   layout_cave_pods, dreamdust_gnoll_shepherd
Lair:2:   layout_loops_ring, nicolae_snake_entry_squirm
Lair:3:   layout_loops_ring, nicolae_swamp_entry_splash_gauntlet, uniq_snorg
Lair:4:   layout_misc_corridors, minmay_slime_entry_pillars
Lair:5:   hellmonk_lair_end_abyssal_woods, layout_hall_layers,
          grunt_forest_small_clearings, kennysheep_snail_temple
Swamp:1:  layout_basic_swamp, serial_swamp_ruin, evilmike_swamp_ruin_house_4,
          evilmike_swamp_ruin_house_5, hangedman_swamp_ruin_wall
Swamp:2:  layout_falls_marsh, nicolae_swamp_orc_logging_accident,
          infiniplex_staircase_pool_2
Swamp:3:  layout_falls_marsh, nicolae_swamp_decorative_isthmus,
          cheibrodos_swamp_pet_leeches
Swamp:4:  swamp, layout_basic_swamp
Snake:1:  layout_rooms, ebering_ghost_disaster_area, lemuel_fruit_tree
Snake:2:  layout_misc_corridors, ebering_ghost_xom, st_stairs_4
Snake:3:  layout_layer_cave, special_room, nicolae_shop_clearance,
          serial_bayou_shore_a
Snake:4:  johnstein_snake_rune_scales, layout_cave_town, uniq_aizul
Orc:1:    layout_caves, serial_shops, shop, minmay_shop_enchanted_jewellery,
          uniq_harold, uniq_sonja, uniq_fannar
Orc:2:    st_orc_pillars, layout_caves, nicolae_shop_firing_range
Elf:1:    minmay_elf_arrival_summoners, layout_gridlike, enter_trove_6,
          hangedman_corner_corridor
Elf:2:    nicolae_elf_blades_splatter_lattice
          [nicolae_blade_entry_floor_patterns], layout_geoelf_octagon,
          serial_shops, nicolae_shop_tiny_waterfront,
          nicolae_shop_tiny_real_fake_doors, drop_trap,
          einodemon_armed_red_devil_minivault, lemuel_upstairs_altar
Elf:3:    minmay_elf_hall_hex, layout_geoelf_diagonals, minivault_25_ag
Vaults:1: nicolae_vaults_theta, v_misc_11, nicolae_vaults_storage_room_statues,
          ontoclasm_vaults_ring_small, ontoclasm_vaults_ring_small,
          nicolae_vaults_house_3, ontoclasm_vaults_shuriken,
          layout_vaults_omnigrid, serial_shops, shop
Vaults:2: gammafunk_ghost_mausoleum, grunt_vaults_bifocal,
          nicolae_vaults_trapezoid_1, nicolae_vaults_six-pack,
          grunt_vaults_twisty, vaults_room_glass_cross,
          minmay_crypt_entry_necro_gods, nicolae_vaults_frosty_reception,
          nicolae_vaults_little_squares_3, v_misc_24, nicolae_vaults_mitosis,
          nicolae_vaults_sesquioval_fish, vaults_room_door_ring,
          nicolae_vaults_little_squares_5, vaults_room_door_hall,
          layout_vaults_maze_bifur, uniq_asterion
Vaults:3: hangedman_vaults_slither, hangedman_vaults_stitches,
          dpeg_vaults_waves, nicolae_vaults_theta, hangedman_vaults_corner,
          v_alt_pattern_3, hangedman_vaults_unwind,
          nicolae_vaults_offset_grid_hallway_1,
          nicolae_vaults_closet_pinwheel_5, nicolae_vaults_tetromino_Z_1,
          v_pattern_2, grunt_vaults_hallway_short,
          nicolae_vaults_layer_cake_slice, nicolae_vaults_little_squares_3,
          layout_vaults_omnicross
Vaults:4: v_misc_13, vaults_mumra_hex, st_quartered_hall,
          nicolae_vaults_doubleplus_tesselated, vaults_mumra_lcd, v_misc_23,
          nicolae_vaults_hexular_roomagon, nicolae_vaults_tetromino_L_1,
          vaults_dpeg_encased_lava, vaults_dpeg_hooks,
          nicolae_vaults_tetromino_T_1, nicolae_vaults_little_squares_2,
          nicolae_vaults_little_squares_4, layout_vaults_big_room, serial_shops,
          shop_statue
Crypt:1:  dreamdust_cat_pyramid, layout_gridlike, serial_glass, glass_columns_b,
          glass_columns_a, grunt_crypt_arrival_split, grunt_megastairs_3
Crypt:2:  layout_misc_corridors, basic_altar, amcnicky_mini_pool_small,
          grunt_megastairs_1, uniq_zenata

Skill      XL: |  1  2  3  4  5  6  7  8  9 10 11 12 13 14 15 16 17 18 19 20 21 |
---------------+----------------------------------------------------------------+-----
Fighting       | 2 3 4 6 |  6.7
Short Blades   | 3 4 5 6 8 10 | 10.0
Stealth        | 2 5 6 7 9 10 12 | 12.9
Hexes          | 1 3 5 7 |  7.2
Spellcasting   | 3 4 8 10 11 13 17 19 20 | 20.2
Evocations     | 1 2 4 6 |  6.8
Ice Magic      | 2 5 7 9 |  9.2
Air Magic      | 2 5 7 9 |  9.2
Conjurations   | 2 4 5 7 9 11 13 | 13.0
Necromancy     | 1 8 11 12 | 12.9
Dodging        | 3 5 7 8 |  8.8
Earth Magic    | 3 5 7 9 |  9.0
Transmutations | 6 7 |  7.0
Fire Magic     | 6 10 12 | 12.0
Throwing       | |  0.7
Armour         | |  0.7
Translocations | |  2.4

Action                     |  1- 3 |  4- 6 |  7- 9 | 10-12 | 13-15 | 16-18 | 19-21 || total
---------------------------+-------+-------+-------+-------+-------+-------+-------++-------
  Melee: Short sword       |    89 |       |       |       |       |       |       ||    89
         Bite              |    17 |    27 |    71 |    71 |    61 |    21 |    24 ||   292
         Dagger            |    72 |   180 |   409 |   521 |   375 |   139 |     2 ||  1698
         Punch             |     1 |     1 |    11 |       |       |       |       ||    13
         Staff             |       |       |       |       |       |       |   105 ||   105
   Cast: Confusing Touch   |       |     4 |    57 |    48 |     7 |       |       ||   116
         Blink             |       |       |     1 |     3 |     7 |     4 |     3 ||    18
         Freezing Cloud    |       |       |       |    57 |    92 |   103 |    53 ||   305
         Borgnjor's Vile C |       |       |       |       |   161 |   181 |   180 ||   522
         Simulacrum        |       |       |       |       |    53 |   170 |   110 ||   333
         Death Channel     |       |       |       |       |     9 |    10 |    13 ||    32
         Statue Form       |       |       |       |       |       |    13 |    26 ||    39
         Apportation       |       |       |       |       |       |     1 |       ||     1
         Irradiate         |       |       |       |       |       |       |    66 ||    66
 Invoke: Curse Item        |       |       |     5 |     2 |     2 |     2 |     2 ||    13
         Shatter the Chain |       |       |       |       |     1 |     1 |     3 ||     5
Ability: Exsanguinate      |       |       |     1 |       |       |       |     1 ||     2
         Revivify          |       |       |       |     1 |       |       |     1 ||     2
         End Transformatio |       |       |       |       |       |     2 |     6 ||     8
  Evoke: Wand              |       |     2 |     8 |     1 |     2 |     4 |       ||    17
         Box of beasts     |       |       |       |       |     1 |       |       ||     1
    Use: Scroll            |       |     5 |     6 |     4 |     7 |     3 |     5 ||    30
         Potion            |       |       |     1 |       |     1 |       |       ||     2
   Stab: Sleeping          |     3 |     9 |    19 |    13 |    34 |     3 |     2 ||    83
         Confused          |       |     2 |    38 |    29 |     2 |       |       ||    71
         Paralysed         |       |     1 |     2 |       |       |       |       ||     3
         Distracted        |       |       |       |     1 |     1 |     1 |       ||     3
         Invisible         |       |       |       |       |     2 |       |       ||     2
 Armour: Leather armour    |    54 |    36 |    82 |   147 |    49 |       |       ||   368
         Troll leather arm |       |       |       |       |   106 |    75 |    48 ||   229
         Skin              |       |       |       |       |       |   108 |   326 ||   434
  Dodge: Dodged            |    92 |    93 |   184 |   237 |   305 |   215 |   393 ||  1519
  Block: Buckler           |       |       |    20 |    94 |   123 |   101 |   164 ||   502
